 Dungeon Crawl Stone Soup version 0.29.1-2-gbd0b4ee654 (webtiles) character file.

Game seed: 18178297762577970374

48 xian the Gusty (level 3, -4/24 HPs)
             Began as a Demonspawn Air Elementalist on Nov 2, 2022.
             Slain by an iguana (12 damage)
             ... on level 3 of the Dungeon.
             The game lasted 00:02:47 (2041 turns).

xian the Gusty (Demonspawn Air Elementalist)        Turns: 2041, Time: 00:02:48

Health: -4/24      AC:  2    Str:  8    XL:     3   Next: 50%
Magic:  4/7        EV: 12    Int: 18    God:
Gold:   77         SH:  0    Dex: 13    Spells: 1/7 levels left

rFire   . . .      SeeInvis .   e - +0 dagger
rCold   . . .      Faith    .   (no shield)
rNeg    . . .      Spirit   .   a - +0 robe
rPois   .          Reflect  .   (no helmet)
rElec   .          Harm     .   (no cloak)
rCorr   .          Rampage  .   (no gloves)
Will    .....                   (no boots)
Stlth   ++........              (no amulet)
HPRegen 0.08/turn               (no ring)
MPRegen 0.10/turn               (no ring)

@: no status effects
A: demonic touch 1
a: no special abilities


You were on level 3 of the Dungeon.
You visited 1 branch of the dungeon, and saw 3 of its levels.

You collected 77 gold pieces.

Inventory:

Hand Weapons
 e - a +0 dagger (weapon)
Armour
 a - a +0 robe (worn)
Scrolls
 d - a scroll of butterflies {unknown}
 f - a scroll of immolation {unknown}
 g - a scroll of noise {unknown}
 h - a scroll of identify {unknown}
 j - 2 scrolls of magic mapping {unknown}
 m - a scroll of poison {unknown}
 o - a scroll of vulnerability {unknown}
Potions
 b - a potion of magic
 c - a potion of flight {unknown}
 i - a potion of resistance {unknown}
 k - a potion of curing {unknown}
 l - 2 potions of haste {unknown}
 n - a potion of degeneration {unknown}
 p - a potion of heal wounds {unknown}
 q - a potion of might {unknown}
 r - a potion of mutation {unknown}


   Skills:
 + Level 1.8 Dodging
 + Level 1.9 Stealth
 + Level 2.7 Spellcasting
 + Level 1.3 Conjurations
 + Level 3.3 Air Magic


You had one spell level left.
You knew the following spells:

 Your Spells              Type           Power      Damage    Failure   Level
a - Shock                 Conj/Air       40%        1d5       6%          1
b - Static Discharge      Conj/Air       10%        3-5/arc   10%         2
c - Swiftness             Air            14%        N/A       13%         3

Your spell library contained the following spells:

 Spells                   Type           Power      Damage    Failure   Level
 Airstrike                Air            7%         2d(1-17)  38%         4
 Summon Ice Beast         Ice/Summ       2%         N/A       86%         4
 Summon Mana Viper        Hex/Summ       2%         N/A       99%         5
 Monstrous Menagerie      Summ           1%         N/A       100%        7
 Chain Lightning          Conj/Air       5%         3d6       100%        9
 Fire Storm               Conj/Fire      2%         8d1       100%        9
 Shatter                  Erth           1%         3d5*      100%        9


Dungeon Overview and Level Annotations

Branches:
Dungeon (3/15)

Altars:


Innate Abilities, Weirdness & Mutations

Your touch may inflict minor irresistible damage on your foes.


Message History

The zap hits the orc.
The orc is lightly wounded.
The zap misses the jackal.
A ball python comes into view.
The zap hits the jackal but does no damage.
The jackal is heavily wounded.
The zap hits the iguana.
The iguana is lightly wounded.
The zap hits the orc.
The orc is heavily wounded.
The zap hits the ball python.
The ball python is moderately wounded.
The ball python hisses angrily.
The zap hits the jackal.
The jackal is almost dead.
The zap hits the iguana but does no damage.
The iguana is lightly wounded.
The zap misses the orc.
The jackal bites you.
Unknown command.
Casting: Shock (safe; 6% risk of failure)
Confirm with . or Enter, or press ? or * to list all spells.
You don't have enough magic to cast this spell.
Unknown command.
Unknown command.
You hit the jackal but do no damage.
You touch the jackal.
You kill the jackal!
Your magical contamination has completely faded away.
The iguana attacks as you move away! The iguana bites you!
The iguana attacks as you move away! The iguana bites you.
The iguana attacks as you move away! The iguana bites you.
The iguana attacks as you move away! The iguana closely misses you.
The iguana attacks as you move away! The iguana misses you.
The iguana attacks as you move away! The iguana misses you.
The iguana attacks as you move away! The iguana closely misses you.
The iguana attacks as you move away! The iguana bites you.
The iguana hisses menacingly.
There is a stone staircase leading up here.
The iguana bites you!
Ouch! That really hurt!
You die...

##.# #..# #.##
#.# #####.######
#.....S....# .
#......o...###...
#.......l......#
#........@.#####
#..........#
#..........#
############


You could see an iguana, an orc and a ball python.

Vanquished Creatures
  An adder (D:2)
  An endoplasm (D:2)
  A giant cockroach (D:2)
  4 goblins (D:1)
  5 hobgoblins
  5 jackals
  3 kobolds
  3 quokkas (D:1)
  6 ball pythons
  3 bats
  A frilled lizard (D:1)
  2 rats
35 creatures vanquished.

Notes
Turn   | Place    | Note
-------+----------+-------------------------------------------
     0 | D:1      | xian the Demonspawn Air Elementalist began the quest for
                  | the Orb.
     0 | D:1      | Reached XP level 1. HP: 13/13 MP: 3/3
   159 | D:1      | Reached skill level 3 in Air Magic
   270 | D:1      | Found a faded altar of an unknown god.
   364 | D:1      | Gained mutation: Your touch may inflict minor irresistible
                  | damage on your foes. [demonic ancestry]
   364 | D:1      | Reached XP level 2. HP: 19/19 MP: 0/5
   543 | D:1      | Learned a level 2 spell: Static Discharge
  1175 | D:2      | Reached XP level 3. HP: 24/24 MP: 2/6
  1223 | D:2      | Learned a level 3 spell: Swiftness
  2041 | D:3      | Slain by an iguana

Illustrated notes

Levels and vault maps discovered:
D:1:      wander_arrival_chamber, layout_basic, chequers_ecumenical_altar_twisty
D:2:      layout_basic
D:3:      layout_rooms, mainiacjoe_overflow_large_starburst, uniq_terence,
          uniq_jessica

Skill      XL: |  1 |
---------------+----+-----
Air Magic      | 3 |  3.3
Dodging        | |  1.8
Stealth        | |  1.9
Spellcasting   | |  2.7
Conjurations   | |  1.3

Action                   || total
-------------------------++-------
Melee: Dagger            ||     8
       Unarmed           ||     2
       Touch             ||     2
 Cast: Shock             ||    60
       Static Discharge  ||     1
Armor: Robe              ||     5
Dodge: Dodged            ||    23
